AoeStats
← Senator Sloth

Arabia

506503046Analyzed
2v2 RM · 17d ago on Sep 13, 2026· 26m 46s· 4 players
Game mode
Random Map
Map size
Medium (4 player)
Population
200
Speed
Normal
Resources
Standard
Victory
Conquest
Starting age
Dark Age
Ending age
Imperial Age
RankedLock teamsTeams togetherTeam positionsShared explorationLock speedFull tech treeHidden civsTurbo modeCheats
Victory
Defeat
🇫🇷 Gurjaras · France
855
+15
🇬🇷 Byzantines · Greece
812
+15
🇺🇸 Magyars · United States
821
-15
🇺🇸 Franks · United States
821
-15
Skibidi Bop
8:14 Loom
10:54 Feudal Age
19:54 Castle Age
18:50 Double-Bit Axe
18:48 Horse Collar
20:54 Husbandry
21:56 Heavy Plow
23:06 Forging
27:30 Iron Casting
27:00 Scale Barding Armor
Tom Varvaros
11:43 Feudal Age
13:20 Wheelbarrow
12:29 Horse Collar
12:37 Double-Bit Axe
12:56 Gold Mining
13:34 Stone Mining
25:01 Castle Age
26:23 Hand Cart
26:42 Forging
26:32 Scale Mail Armor
26:38 Scale Barding Armor
26:34 Padded Archer Armor
26:25 Fletching
RazorCoco1
10:41 Feudal Age
10:52 Loom
16:11 Double-Bit Axe
17:19 Bloodlines
23:29 Castle Age
25:30 Husbandry
Senator Sloth
10:11 Loom
13:14 Feudal Age
15:57 Forging
15:54 Scale Barding Armor
18:22 Double-Bit Axe
21:30 Gold Mining
Connection lost

Rejoining the realm…

Still unreachable

The connection could not be restored.

Session expired

The server has moved on; the page needs a fresh start.